 Dungeon Crawl Stone Soup version 0.25.1-2-g60ff931df9 (webtiles) character file.

Game seed: 1184671102227545661

49 sahdkjhfkaj the Ruffian (level 3, -1/33 HPs)
             Began as a Troll Wanderer on Nov 1, 2020.
             Slain by an orc
             ... wielding a +0 trident
              (9 damage)
             ... on level 3 of the Dungeon.
             The game lasted 00:02:32 (1658 turns).

sahdkjhfkaj the Ruffian (Troll Wanderer)            Turns: 1658, Time: 00:02:33

Health: -1/33      AC:  6    Str: 20    XL:     3   Next: 53%
Magic:  3/3        EV:  9    Int:  8    God:
Gold:   182        SH:  0    Dex: 10    Spells: 3/4 levels left

rFire    . . .     SeeInvis .     - Unarmed
rCold    . . .     Gourm    +   (no shield)
rNeg     . . .     Faith    .   d - +0 robe
rPois    .         Spirit   .   (helmet restricted)
rElec    .         Reflect  .   (no cloak)
rCorr    +         Harm     .   (gloves unavailable)
MR       .....                  (boots unavailable)
Stlth    +.........             (no amulet)
HPRegen  0.51/turn              h - ring of resist corrosion
MPRegen  0.08/turn              (no ring)

@: no status effects
A: large, unfitting armour, claws 3, fast metabolism 3, gourmand, regeneration
1, shaggy fur 1, tough skin 3
a: no special abilities


You were on level 3 of the Dungeon.
You were not hungry.

You visited 1 branch of the dungeon, and saw 3 of its levels.

You collected 182 gold pieces.

Inventory:

Missiles
 b - 4 large rocks (quivered)
Armour
 d - a +0 robe (worn)
Jewellery
 h - a ring of resist corrosion (left claw)
Scrolls
 a - a scroll of noise {!r, unknown}
 g - a scroll of amnesia {!r}
 i - a scroll of identify {!r, unknown}
Potions
 c - 2 potions of lignification {!q}
 e - a potion of curing {!q}
Comestibles
 f - 6 rations


   Skills:
 - Level 1.5 Fighting
   Level 1.0 Axes
 - Level 1.0 Throwing
   Level 1.0 Shields
 + Level 2.9 Unarmed Combat
 - Level 1.2 Spellcasting
   Level 1.0 Conjurations
   Level 1.2 Hexes
   Level 1.0 Evocations


You had 3 spell levels left.
You knew the following spells:

 Your Spells              Type           Power        Failure   Level  Hunger
a - Summon Butterflies    Summ           #.......     36%         1    ##.....

Your spell library contained the following spells:

 Spells                   Type           Power        Failure   Level  Hunger
 Summon Guardian Golem    Hex/Summ       #.......     65%         3    ####...


Dungeon Overview and Level Annotations

Branches:
Dungeon (3/15)

Altars:
Kikubaaqudgha


Innate Abilities, Weirdness & Mutations

You are too large for most types of armour.
You have claws for hands.
Your metabolism is lightning-fast.
You like to eat raw meat.
Your natural rate of healing is unusually fast.
You are covered in fur. (AC +1)
You have extremely tough skin. (AC +3)


Message History

You kill the bat!
The orc hits you but does no damage.
The orc priest looks braver for a moment.
You barely miss the orc. The orc barely misses you.
You closely miss the orc.
You scratch the orc priest but do no damage.
The orc hits you with a +0 trident.
* * * LOW HITPOINT WARNING * * *
The orc priest closely misses you.
The orc priest mumbles some strange prayers to Beogh against you.
Beogh smites you!
* * * LOW HITPOINT WARNING * * *
Unknown command.
The orc closely misses you.
Okay, then.
You claw the orc priest!
The orc priest is almost dead.
The orc priest barely misses you.
The orc hits you from afar with a +0 trident!
You die...

######## #......#
#......# #......#
#......# #......#
+......+
######......####
#...........@oo#
#.############o#
#.#.........##.#
#.#.#######.##.##
#.#.# #.##o.#
#.#.#
#.##........!
#.#.###
#.##.........
#.#...#
#.##.........
#.###.#
#.##.##8###8#


You could see an orc priest and 2 orcs.

Vanquished Creatures
  A worm (D:2)
  A dart slug (D:2)
  A leopard gecko (D:2)
  2 bat zombies (D:2)
  4 giant cockroaches (D:2)
  5 hobgoblins
  3 jackals (D:1)
  3 kobolds (D:1)
  2 ball pythons
  8 bats
  3 frilled lizards
  A goblin (D:1)
  5 rats
  2 rat zombies (D:2)
41 creatures vanquished.

Notes
Turn   | Place    | Note
-------+----------+-------------------------------------------
     0 | D:1      | sahdkjhfkaj the Troll Wanderer began the quest for the Orb.
     0 | D:1      | sahdkjhfkaj set off with the following items: a +2 hand
                  | axe, a potion of lignification {!q}, a +0 robe, 2 rations;
                  | and the following spell memorised: Summon Butterflies; and
                  | the following spells available to memorise: Summon Guardian
                  | Golem
     0 | D:1      | Reached XP level 1. HP: 19/19 MP: 1/1
   288 | D:1      | Reached skill level 1 in Unarmed Combat
   373 | D:1      | Reached XP level 2. HP: 27/27 MP: 2/2
   547 | D:1      | Reached skill level 2 in Unarmed Combat
   839 | D:2      | Reached skill level 1 in Throwing
   869 | D:2      | Reached XP level 3. HP: 31/33 MP: 3/3
  1244 | D:2      | Found an ancient bone altar of Kikubaaqudgha.
  1658 | D:3      | Slain by an orc

Illustrated notes

Levels and vault maps discovered:
D:1:      minmay_arrival_four_circles, layout_basic
D:2:      layout_loops_ring, lemuel_zombie_altar_kikubaaqudgha, fountainhead
D:3:      layout_basic, nicolae_gozag_zags_fifth_avenue, first_ration,
          serial_corexii_hall, corexii_hall_statues_u, corexii_hall_statues_x,
          uniq_crazy_yiuf_cottage, uniq_terence, uniq_ijyb

Skill      XL: |  1  2 |
---------------+-------+-----
Unarmed Combat | 1 2 |  2.9
Throwing       | 1 |  1.0
Fighting       | |  1.5
Axes           | |  1.0
Shields        | |  1.0
Spellcasting   | |  1.2
Conjurations   | |  1.0
Hexes          | |  1.2
Evocations     | |  1.0

Action                   || total
-------------------------++-------
Melee: Unarmed           ||   128
  Use: Scroll            ||     1
       Potion            ||     1
 Stab: Sleeping          ||     1
  Eat: Chunk             ||    15
Armor: Robe              ||    89
Dodge: Dodged            ||    77
